[Event "Betsys MČR v online bleskovém šachu 2021"]
[Site "Chess.com"]
[Date "2021.04.17"]
[Round "9"]
[White "adasmrazek"]
[Black "JanBaraCZE"]
[Result "0-1"]
[WhiteElo "1299"]
[BlackElo "1595"]
[TimeControl "180+1"]
[EndTime "10:29:51 PDT"]
[Termination "Uživatel JanBaraCZE zvítězil po vzdání soupeře"]

1. d4 e5 2. dxe5 Nc6 3. Nf3 d5 4. Nc3 d4 5. Ne4 Bf5 6. Ng3 Bg6 7. e3 dxe3 8. Bxe3 Qxd1+ 9. Rxd1 Bxc2 10. Rd2 Bg6 11.
Bb5 Bb4 12. Bxc6+ bxc6 13. O-O Bxd2 14. Bxd2 Ne7 15. Rc1 O-O 16. Nd4 c5 17. Nb3 Nc6 18.
Rxc5 Ne7 19. Rxc7 Rfe8 20. Bb4 Nd5 21. Rb7 Nxb4 22. Rxb4 Rac8 23. h3 Rc2 24. Ne4 Bxe4 25. Rxe4 Rxb2 26. Ra4 Rxe5 27. Rxa7 h6 28. Nd4 Re1+ 29.
Kh2 Rxf2 30. Ra8+ Kh7 31. Kg3 Rb2 32. Ra7 Ra1 33. a3 Rd2 34. Nf5 Rd3+ 35. Kh2 Rdxa3 36. Rxf7 Ra7 37. Ne7 Re1 0-1

[Event "Betsys MČR v online bleskovém šachu 2021"]
[Site "Chess.com"]
[Date "2021.04.17"]
[Round "9"]
[White "tucnak64"]
[Black "avsokol"]
[Result "1-0"]
[WhiteElo "2135"]
[BlackElo "2344"]
[TimeControl "180+1"]
[EndTime "10:29:53 PDT"]
[Termination "Uživatel tucnak64 zvítězil na čas"]

1. e4 c5 2. Nf3 d6 3. d4 cxd4 4.
Nxd4 Nf6 5. Nc3 g6 6. g3 Nc6 7.
Nde2 Bd7 8. Bg2 Qc8 9. h3 Bg7 10. Nd5 Nxd5 11. exd5 Ne5 12. a4 Nc4 13. Ra2 O-O 14. b3 Na5 15. c4 b6 16. Nf4 a6 17.
O-O b5 18. cxb5 axb5 19. b4 Nc4 20. a5 Re8 21. Kh2 Qc7 22. Re1 Bf5 23. g4 Bd7 24. Rae2 Ne5 25. Nd3 Nxd3 26. Qxd3 Kf8 27. Bd2 Rac8 28.
Rc1 Qb7 29. Ree1 Be5+ 30. f4 Bf6 31. Bc3 Bxc3 32. Rxc3 Rxc3 33. Qxc3 f6 34. Qe3 Kf7 35. Kg3 1-0

[Event "Betsys MČR v online bleskovém šachu 2021"]
[Site "Chess.com"]
[Date "2021.04.17"]
[Round "9"]
[White "kubajss"]
[Black "Dale00007"]
[Result "0-1"]
[WhiteElo "907"]
[BlackElo "1399"]
[TimeControl "180+1"]
[EndTime "10:29:54 PDT"]
[Termination "Uživatel Dale00007 zvítězil na čas"]

1. e4 c5 2. Nc3 d6 3. Bc4 Nc6 4.
Nf3 e6 5. d4 cxd4 6. Nxd4 Nxd4 7.
Qxd4 Qc7 8. Bb5+ Bd7 9. O-O a6 10. Bxd7+ Qxd7 11. Re1 Be7 12. e5 d5 13. Bf4 Rc8 14. Re2 Bc5 15. Qd2 Ne7 16. a3 O-O 17. b4 Ba7 18. Be3 Bxe3 19. Rxe3 b5 20. Ne2 Nf5 21.
Rc3 Rxc3 22. Qxc3 Rc8 23. Qd3 Qc7 24. Rc1 Qxe5 25. g3 Nd6 26. f4 Qf6 0-1

[Event "Betsys MČR v online bleskovém šachu 2021"]
[Site "Chess.com"]
[Date "2021.04.17"]
[Round "9"]
[White "pedroholly22"]
[Black "xnepom"]
[Result "1-0"]
[WhiteElo "2397"]
[BlackElo "2247"]
[TimeControl "180+1"]
[EndTime "10:29:56 PDT"]
[Termination "Uživatel pedroholly22 zvítězil po vzdání soupeře"]

1. e4 c5 2. Nf3 Nc6 3. Bb5 g6 4. O-O Bg7 5. Re1 e5 6. d3 Nge7 7. Be3 d6 8. c3 O-O 9. h3 a6 10. Bc4 b5 11. Bb3 Na5 12. Bc2 Bb7 13. Nbd2 Rc8 14.
Nf1 d5 15. Qc1 Re8 16. b3 d4 17. Bd2 dxc3 18. Bxc3 Nac6 19. Qb2 Qc7 20. Rac1 h6 21.
Ne3 Nd4 22. Bd1 Nxf3+ 23. Bxf3 Qd6 24. Red1 Red8 25. Ba5 Re8 26. b4 Qd4 27. Qxd4 cxd4 28.
Nd5 Nxd5 29. exd5 Bf8 30. a3 Rxc1 31. Rxc1 Rc8 32. Rxc8 Bxc8 33. Bb6 f5 34. Bc7 Bg7 35. d6 Kf8 36. Bc6 e4 37. d7 Bxd7 38. Bxd7 Ke7 39. Bc8 exd3 40. Kf1 1-0

[Event "Betsys MČR v online bleskovém šachu 2021"]
[Site "Chess.com"]
[Date "2021.04.17"]
[Round "9"]
[White "Jindrich4321"]
[Black "Rozmetal"]
[Result "0-1"]
[WhiteElo "1933"]
[BlackElo "2146"]
[TimeControl "180+1"]
[EndTime "10:29:56 PDT"]
[Termination "Uživatel Rozmetal zvítězil po vzdání soupeře"]

1. d4 c5 2. d5 e5 3. e4 d6 4. f4 exf4 5. Bxf4 Ne7 6. Nf3 Ng6 7.
Bg3 Be7 8. Nc3 O-O 9. Bd3 Re8 10.
O-O a6 11. a4 Bf6 12. Qd2 Qe7 13. h3 Nd7 14. Rae1 Nde5 15. Nxe5 Nxe5 16. b3 Bd7 17.
Nd1 g6 18. Ne3 Bg7 19. Nc4 b5 20. Nb6 Rab8 21. Nxd7 Qxd7 22. axb5 axb5 23. Be2 h5 24. Bxe5 Bxe5 25. Bd3 b4 26. Qe2 Qe7 27. Qf3 Rb7 28. Kh1 Qh4 29. Re2 Ree7 30. Ref2 Ra7 31.
Re2 Ra1 32. Rxa1 Bxa1 33. Rf2 Be5 34. Rf1 Ra7 35. Bb5 Qe7 36. Ba4 c4 37. Qf2 c3 38.
Qb6 Kg7 39. Rf3 Rb7 40. Qf2 Qg5 41. Qe3 Qh4 42. Qf2 Qxe4 43. Bc6 Re7 44. Qf1 Qxc2 0-1

[Event "Betsys MČR v online bleskovém šachu 2021"]
[Site "Chess.com"]
[Date "2021.04.17"]
[Round "9"]
[White "jarda1955"]
[Black "Rognort"]
[Result "1-0"]
[WhiteElo "1999"]
[BlackElo "1787"]
[TimeControl "180+1"]
[EndTime "10:30:02 PDT"]
[Termination "Uživatel jarda1955 zvítězil matem"]

1. d4 Nf6 2. c4 e6 3. Nc3 Bb4 4. Qc2 c5 5. dxc5 Bxc5 6. Nf3 b6 7.
Bg5 h6 8. Bh4 Be7 9. e3 Bb7 10.
Rd1 Qc7 11. Be2 a6 12. O-O O-O 13. Nd4 d5 14. Bg3 e5 15. Nf5 dxc4 16. Nxe7+ Qxe7 17. Bxc4 b5 18. Nd5 Bxd5 19. Bxd5 Nxd5 20. Rxd5 Nd7 21.
Qc7 Rad8 22. Rfd1 Qb4 23. Rxd7 Rxd7 24. Qxd7 Qxb2 25. Qd5 Re8 26. h4 Qe2 27. Rc1 Kh7 28. Qxf7 Rd8 29. Qf5+ Kh8 30. Bxe5 Rd1+ 31. Rxd1 Qxd1+ 32. Kh2 Qd5 33. Qf8+ Kh7 34. Qxg7# 1-0

[Event "Betsys MČR v online bleskovém šachu 2021"]
[Site "Chess.com"]
[Date "2021.04.17"]
[Round "9"]
[White "RomanHlavicka"]
[Black "tiger196223"]
[Result "0-1"]
[WhiteElo "1537"]
[BlackElo "1828"]
[TimeControl "180+1"]
[EndTime "10:30:02 PDT"]
[Termination "Uživatel tiger196223 zvítězil po vzdání soupeře"]

1. e4 e6 2. d4 d5 3. e5 c5 4. c3 Qb6 5. a3 Bd7 6. Nf3 Bb5 7.
Be2 Bxe2 8. Qxe2 cxd4 9. Nxd4 Ne7 10. O-O Nec6 11. Nd2 Nxd4 12. cxd4 Nc6 13. Nf3 Be7 14. Be3 O-O 15. Rfc1 Rac8 16. Rc3 Na5 17. Rxc8 Rxc8 18. Rc1 Rxc1+ 19. Bxc1 Qb3 20. Bd2 Qxb2 21. Qe1 Nc4 22. Bc1 Qa2 23. h3 Bxa3 24. Bxa3 Qxa3 25. Qb1 Qb2 26.
Qd1 b5 27. Qd3 a5 28. Ng5 Qc1+ 29. Kh2 Qxg5 30. Qb3 b4 31. Qa4 g6 32. Qe8+ Kg7 33. Qa8 Qf4+ 34. Kg1 Qxd4 35. Qb8 Qxe5 0-1

[Event "Betsys MČR v online bleskovém šachu 2021"]
[Site "Chess.com"]
[Date "2021.04.17"]
[Round "9"]
[White "Dejfos"]
[Black "svTomas"]
[Result "1-0"]
[WhiteElo "1758"]
[BlackElo "1432"]
[TimeControl "180+1"]
[EndTime "10:30:03 PDT"]
[Termination "Uživatel Dejfos zvítězil matem"]

1. e4 e5 2. Nf3 Nf6 3. Bc4 Nxe4 4. Nxe5 d5 5. Qf3 Qf6 6. Bxd5 Qxf3 7. gxf3 Nf6 8.
Bxf7+ Kd8 9. Bb3 Ke7 10. d4 Nbd7 11. Bg5 h6 12. Be3 Nxe5 13. dxe5 Nd7 14. f4 b6 15. Nd2 Bb7 16. Rg1 Nc5 17. O-O-O Rd8 18. Nc4 Bf3 19. Rxd8 Kxd8 20. Bxc5 Bxc5 21. Rxg7 Bxf2 22.
e6 Re8 23. Ne5 Be4 24. Rd7+ Kc8 25. Rf7 Be3+ 26. Kb1 c5 27. f5 c4 28. Bxc4 Rg8 29.
a3 b5 30. Bxb5 Rg1+ 31. Ka2 Bd5+ 32. Bc4 Be4 33. Rf8+ Kc7 34. e7 Bxc2 35. e8=Q Bb1+ 36. Kb3 Rg2 37. Qd7+ Kb6 38. Qc6+ Ka5 39. Qb5# 1-0

[Event "Betsys MČR v online bleskovém šachu 2021"]
[Site "Chess.com"]
[Date "2021.04.17"]
[Round "9"]
[White "dzerenyss"]
[Black "Vojta0007"]
[Result "0-1"]
[WhiteElo "1083"]
[BlackElo "1468"]
[TimeControl "180+1"]
[EndTime "10:30:04 PDT"]
[Termination "Uživatel Vojta0007 zvítězil na čas"]

1. e4 c5 2. c3 d5 3. d4 cxd4 4. cxd4 dxe4 5. Nc3 Nf6 6. Bg5 Bf5 7.
Bb5+ Nbd7 8. Nge2 e6 9. Ng3 Bg6 10. Bxf6 gxf6 11. Ngxe4 Be7 12. O-O O-O 13. Qf3 f5 14.
Ng3 Nf6 15. Rad1 a6 16. Be2 Re8 17. Rfe1 Bf8 18. h4 h6 19. h5 Bh7 20. d5 Qb6 21.
dxe6 fxe6 22. Bc4 Re7 23. Nxf5 Bxf5 24. Qg3+ Kh8 25. Bxe6 Bxe6 26. Qg6 Bg7 0-1

[Event "Betsys MČR v online bleskovém šachu 2021"]
[Site "Chess.com"]
[Date "2021.04.17"]
[Round "9"]
[White "MartinHollan"]
[Black "jachym08"]
[Result "1-0"]
[WhiteElo "2607"]
[BlackElo "2255"]
[TimeControl "180+1"]
[EndTime "10:30:05 PDT"]
[Termination "Uživatel MartinHollan zvítězil po vzdání soupeře"]

1. e4 c5 2. Nf3 d6 3. Bb5+ Nd7 4. c4 Nf6 5. O-O a6 6. Ba4 e6 7. Nc3 Be7 8. d4 cxd4 9. Qxd4 O-O 10. Rd1 Qc7 11. h3 Nc5 12. Bc2 b6 13. b3 Bb7 14.
Bb2 e5 15. Qe3 Ne6 16. Nd5 Bxd5 17. exd5 Nf4 18. Re1 N4xd5 19. Qd2 Nf4 20. Nxe5 dxe5 21. Bxe5 Nxh3+ 22. gxh3 Qc8 23. Qd3 g6 24. Bb2 Qc7 25.
Qf3 Nh5 26. Be5 Bd6 27. Bb2 Rae8 28. Rad1 Be5 29. Bc1 Bh2+ 30. Kh1 Bf4 31. Ba3 Rxe1+ 32. Rxe1 Rd8 33. Re7 Rd7 34. Re8+ Kg7 35. Bf8+ Kf6 36. Bh6 Qb7 37. Re4 g5 38. Qxh5 Rd1+ 39. Qxd1 1-0

[Event "Betsys MČR v online bleskovém šachu 2021"]
[Site "Chess.com"]
[Date "2021.04.17"]
[Round "9"]
[White "Alesbar"]
[Black "sachmaty8"]
[Result "0-1"]
[WhiteElo "1610"]
[BlackElo "1827"]
[TimeControl "180+1"]
[EndTime "10:30:05 PDT"]
[Termination "Uživatel sachmaty8 zvítězil po vzdání soupeře"]

1. Nf3 Nf6 2. g3 g6 3. Bg2 Bg7 4. O-O c5 5. c4 O-O 6. Nc3 Nc6 7. e3 d5 8. cxd5 Nxd5 9. a3 Nxc3 10. dxc3 e5 11.
Qb3 Qc7 12. e4 Be6 13. Qc2 f5 14. Ng5 Bc4 15. Re1 h6 16. b3 hxg5 17. bxc4 f4 18. a4 Rad8 19. Ba3 b6 20. Rad1 Qe7 21. Rxd8 Rxd8 22.
Rd1 Na5 23. Bf1 Rd7 24. Rd5 Rd8 25. Qd3 Rf8 26. Rd7 Qf6 27. Qd5+ Kh8 28. Rd6 Qe7 29. Rxg6 fxg3 30. hxg3 Kh7 31. Re6 Qf7 32. Rd6 Qxf2+ 33.
Kh1 Qxf1+ 0-1

[Event "Betsys MČR v online bleskovém šachu 2021"]
[Site "Chess.com"]
[Date "2021.04.17"]
[Round "9"]
[White "Kamilotka"]
[Black "valid88"]
[Result "0-1"]
[WhiteElo "1599"]
[BlackElo "1364"]
[TimeControl "180+1"]
[EndTime "10:30:05 PDT"]
[Termination "Uživatel valid88 zvítězil matem"]

1. e4 c6 2. d4 d5 3. exd5 cxd5 4. c4 dxc4 5. Bxc4 Nf6 6. Qb3 e6 7. Nf3 Be7 8. O-O O-O 9. Be3 Nc6 10. Nc3 Na5 11. Qa4 Nxc4 12. Qxc4 Bd7 13. Rfd1 Rc8 14. Qe2 a6 15. h3 b5 16. a3 a5 17. Ne5 b4 18. Nxd7 Qxd7 19. axb4 axb4 20. Nb1 Nd5 21. Nd2 Rc2 22. Qd3 Rfc8 23. Nf3 h6 24. Ne5 Qb7 25. Rdc1 b3 26. Rcb1 Nb4 27. Qd1 Na2 28. Nd3 Bg5 29. f4 Bf6 30. g4 Qb6 31. Ne5 Be7 32. f5 exf5 33. gxf5 Qb7 34. Qh5 Qg2# 0-1

[Event "Betsys MČR v online bleskovém šachu 2021"]
[Site "Chess.com"]
[Date "2021.04.17"]
[Round "9"]
[White "Patriktesko"]
[Black "p_kana"]
[Result "1-0"]
[WhiteElo "2048"]
[BlackElo "1791"]
[TimeControl "180+1"]
[EndTime "10:30:07 PDT"]
[Termination "Uživatel Patriktesko zvítězil na čas"]

1. d4 Nf6 2. Nf3 d5 3. Bg5 Ne4 4. Bh4 c5 5. c3 Qb6 6. Qc2 Bf5 7. Qc1 e6 8. e3 Nc6 9. Nbd2 cxd4 10. exd4 Rc8 11.
Nxe4 Bxe4 12. Qd2 Bxf3 13. gxf3 Be7 14. Bg3 Na5 15. Bd3 Nc4 16. Bxc4 Rxc4 17. O-O O-O 18. Rae1 Bf6 19. a3 Qd8 20. Kg2 Qd7 21. Be5 Bxe5 22.
Rxe5 Qe7 23. Rg1 Qf6 24. Qe3 b5 25. Kh1 a5 26. Rg4 b4 27. axb4 axb4 28. Rf4 Qg6 29. Rg4 Qb1+ 30. Kg2 bxc3 31. bxc3 g6 32. h4 Rc6 33. h5 Rfc8 34. h6 Rxc3 35. Qf4 Rc1 36. Rg3 Rg1+ 37. Kh3 Rxg3+ 38. Qxg3 Qb4 39. Qf4 Qe7 40.
Kg3 Rd8 41. Kg2 Qf8 42. Qf6 1-0

[Event "Betsys MČR v online bleskovém šachu 2021"]
[Site "Chess.com"]
[Date "2021.04.17"]
[Round "9"]
[White "Adam20032007"]
[Black "Classemence"]
[Result "1-0"]
[WhiteElo "1826"]
[BlackElo "1895"]
[TimeControl "180+1"]
[EndTime "10:30:08 PDT"]
[Termination "Uživatel Adam20032007 zvítězil matem"]

1. d4 Nf6 2. Nf3 c5 3. c3 d5 4. e3 Nc6 5. Bd3 Bg4 6. O-O e6 7. Nbd2 Be7 8. dxc5 Bxc5 9. b4 Bd6 10. a3 O-O 11. Bb2 e5 12. e4 d4 13. cxd4 Nxd4 14. Rc1 Nh5 15. h3 Bxf3 16. Nxf3 Nxf3+ 17. Qxf3 Nf4 18. Bb1 Rc8 19. Rfd1 Qe7 20. Kh2 h6 21. g3 Ne6 22. Ba2 a5 23. bxa5 Ng5 24. Qd3 Rcd8 25. Qe3 Ne6 26. Bxe6 Qxe6 27. Rd5 Bb8 28. Rcd1 Rxd5 29.
Rxd5 Qc6 30. Qc3 Qf6 31. Qc5 Re8 32. f4 Qg6 33. Bxe5 Qxe4 34. Rd2 Bxe5 35. fxe5 Rxe5 36. Qc2 Rxa5 37. Qxe4 Rxa3 38. Rd8# 1-0

[Event "Betsys MČR v online bleskovém šachu 2021"]
[Site "Chess.com"]
[Date "2021.04.17"]
[Round "9"]
[White "Mimochodem"]
[Black "pepca"]
[Result "1-0"]
[WhiteElo "1796"]
[BlackElo "1527"]
[TimeControl "180+1"]
[EndTime "10:30:09 PDT"]
[Termination "Uživatel Mimochodem zvítězil na čas"]

1. e4 e5 2. Nf3 Nc6 3. Nc3 Nf6 4. Bc4 Nxe4 5. Bxf7+ Kxf7 6. Nxe4 d5 7. Ng3 Bg4 8.
h3 Be6 9. O-O Bd6 10. d3 Rf8 11. Bg5 Ne7 12. Re1 Kg8 13. Bxe7 Qxe7 14. Nxe5 Bxe5 15.
Rxe5 Qf6 16. Re2 Bd7 17. Qd2 Qxb2 18. Rae1 Qxa2 19. Qg5 Rad8 20. Re7 Qb2 21. Qxd5+ Kh8 22. Rxd7 Rxd7 23. Qxd7 Qxc2 24. Re8 Qxf2+ 25. Kh2 a5 26. Rxf8+ Qxf8 27. Qxc7 a4 28. Qxb7 a3 29. Qb3 Qa8 30. Qa2 h6 31. Ne4 Qb8+ 32. Kg1 Qb2 33. Qxb2 axb2 34.
Nc3 g5 35. Kf1 Kg7 36. Ke1 Kf6 37. Kd1 Ke5 38. Kc2 Kd4 39. Nd1 Ke5 40. Nxb2 Kf4 41. Nd1 Kg3 42. d4 Kxg2 43. d5 Kxh3 44. d6 g4 45. d7 g3 46. Ne3 g2 47. Nxg2 Kxg2 48. d8=Q h5 49. Qh4 1-0

[Event "Betsys MČR v online bleskovém šachu 2021"]
[Site "Chess.com"]
[Date "2021.04.17"]
[Round "9"]
[White "Rubinus"]
[Black "SayQueen"]
[Result "0-1"]
[WhiteElo "2158"]
[BlackElo "2017"]
[TimeControl "180+1"]
[EndTime "10:30:10 PDT"]
[Termination "Uživatel SayQueen zvítězil matem"]

1. e4 e5 2. f4 exf4 3. Nc3 d5 4. Nxd5 Qh4+ 5. Ke2 Bd6 6. Nf3 Bg4 7. d4 c6 8. Nxf4 Bxf3+ 9. Kxf3 Nf6 10. Bd3 Qg4+ 11. Kf2 Bxf4 12. Qxg4 Nxg4+ 13. Kf3 Bxc1 14. Raxc1 Nf6 15.
c4 c5 16. d5 Nbd7 17. Kf4 O-O 18. e5 Nh5+ 19. Kg5 Nxe5 20. Bxh7+ Kxh7 21. Kxh5 f6 22. Kh4 Rfe8 23. Kg3 Nd3 24. Rc2 Re3+ 25. Kg4 Rae8 26. g3 R8e4+ 27. Kh3 Re2 28. Rxe2 Rxe2 29. Rd1 Nf2+ 30.
Kh4 Re4+ 31. g4 Rxg4+ 32. Kh5 g6# 0-1

[Event "Betsys MČR v online bleskovém šachu 2021"]
[Site "Chess.com"]
[Date "2021.04.17"]
[Round "9"]
[White "jarosymon"]
[Black "Marcus_Aurelius_CZ"]
[Result "0-1"]
[WhiteElo "1727"]
[BlackElo "1428"]
[TimeControl "180+1"]
[EndTime "10:30:10 PDT"]
[Termination "Uživatel Marcus_Aurelius_CZ zvítězil po vzdání soupeře"]

1. e4 e6 2. Nf3 d5 3. e5 c5 4. b4 cxb4 5. d4 Nc6 6. a3 Bd7 7. axb4 Bxb4+ 8. c3 Ba5 9. Bd3 Nge7 10. O-O Ng6 11. Ba3 Bb6 12. g3 Qc8 13. h4 Bd8 14.
Kg2 Be7 15. Bxe7 Ngxe7 16. Nbd2 Ng6 17. Ng5 Nce7 18. Qf3 Nf5 19. Qg4 h6 20. Nh3 Nfe7 21.
h5 Nf8 22. Qxg7 Rg8 23. Qxf7+ Kxf7 24. f4 Nf5 25. Rf3 Nh4+ 26. Kf2 Nxf3 27. Nxf3 Bc6 28. g4 Rg7 29. g5 hxg5 30. fxg5 Ke7 31. h6 Rg8 32. h7 Nxh7 33. Bxh7 Rg7 34. g6 Be8 35. Nh4 Qxc3 36. Rd1 Qc2+ 37. Ke1 Qe4+ 38. Kf2 Qxh4+ 39. Kg2 Qg4+ 0-1

[Event "Betsys MČR v online bleskovém šachu 2021"]
[Site "Chess.com"]
[Date "2021.04.17"]
[Round "9"]
[White "Bagr92"]
[Black "kominekmart"]
[Result "1-0"]
[WhiteElo "1563"]
[BlackElo "1560"]
[TimeControl "180+1"]
[EndTime "10:30:11 PDT"]
[Termination "Uživatel Bagr92 zvítězil na čas"]

1. e4 d6 2. Nc3 g6 3. d4 Nf6 4.
Be3 Bg7 5. f4 O-O 6. Nf3 c5 7.
d5 a6 8. a4 Qb6 9. b3 Ng4 10.
Bg1 Bxc3+ 11. Ke2 Bxa1 12. Qxa1 Nf6 13. e5 Nxd5 14. c4 Nxf4+ 15. Ke1 Qxb3 16. Be3 Nd3+ 17.
Ke2 Qc2+ 18. Bd2 Nf4+ 19. Ke3 Nh5 20. Bd3 Qb3 21. Rb1 Qxb1 22. Qxb1 Nc6 23. exd6 exd6 24. h3 Re8+ 25. Kf2 Nd4 26. Nxd4 cxd4 27. g4 Ng7 28. Qb2 Rb8 29. Qxd4 Bd7 30. Bc3 f6 31. Kg1 Re6 32. c5 Bc6 33. cxd6 Rd8 34. Bc4 Rxd6 35. Bxe6+ Rxe6 36.
g5 Re8 37. gxf6 1-0

[Event "Betsys MČR v online bleskovém šachu 2021"]
[Site "Chess.com"]
[Date "2021.04.17"]
[Round "9"]
[White "Z_u_z_i"]
[Black "ikovacs"]
[Result "1-0"]
[WhiteElo "1540"]
[BlackElo "1075"]
[TimeControl "180+1"]
[EndTime "10:30:12 PDT"]
[Termination "Uživatel Z_u_z_i zvítězil matem"]

1. e4 e5 2. Nf3 d6 3. Bc4 Nc6 4. O-O Bg4 5. c3 g6 6. h3 Bxf3 7. Qxf3 Nf6 8. d3 Bg7 9. Bg5 O-O 10. Nd2 a6 11. a4 Rb8 12. Nb3 h6 13. Bh4 g5 14. Bg3 Nd7 15. d4 exd4 16. cxd4 Nxd4 17.
Nxd4 Bxd4 18. Rab1 Be5 19. Rfd1 Bxg3 20. Qxg3 Ne5 21. Ba2 a5 22. f4 Ng6 23. f5 Nh4 24.
e5 Nxf5 25. Qg4 Qd7 26. exd6 cxd6 27. Qf3 b6 28. Rbc1 Nh4 29. Qd3 Qxa4 30. Bb3 Qb4 31. Bc2 Qc5+ 32. Kh1 Qc6 33. Qh7# 1-0

[Event "Betsys MČR v online bleskovém šachu 2021"]
[Site "Chess.com"]
[Date "2021.04.17"]
[Round "9"]
[White "Tah_na_g12"]
[Black "pudltomik"]
[Result "1/2-1/2"]
[WhiteElo "1172"]
[BlackElo "773"]
[TimeControl "180+1"]
[EndTime "10:30:14 PDT"]
[Termination "Remíza opakováním pozice"]

1. e4 e6 2. d4 d5 3. e5 Nc6 4. Nf3 Be7 5. Bb5 Bd7 6. Nc3 Nb4 7.
Bxd7+ Qxd7 8. a3 Nc6 9. O-O O-O-O 10. b4 b6 11. b5 Na5 12. Bd2 Nc4 13. Qe2 h6 14. a4 f6 15. exf6 Nxf6 16. Rfb1 Ng4 17. h3 Nf6 18. Nd1 h5 19. a5 bxa5 20. Bxa5 Nxa5 21. Rxa5 Kb7 22. Nc3 Bd6 23. Ra6 e5 24. dxe5 Bxe5 25. Qxe5 Rde8 26. Qd4 Qd6 27. Qxa7+ Kc8 28.
Qa8+ Kd7 29. Rxd6+ Kxd6 30. Qc6+ Ke7 31. Qxc7+ Nd7 32. Ne5 Ke6 33. Nxd7 Rc8 34. Nc5+ Kf6 35. Qf4+ Kg6 36. Nd3 Rcf8 37. Qd6+ Kh7 38. Nxd5 Rd8 39.
Nf6+ Kh6 40. Ng4+ Kh7 41. Nf6+ Kh6 42. Ng8+ Kh7 43. Nf6+ 1/2-1/2

[Event "Betsys MČR v online bleskovém šachu 2021"]
[Site "Chess.com"]
[Date "2021.04.17"]
[Round "9"]
[White "YoungMegaMind"]
[Black "HCMotorCB"]
[Result "0-1"]
[WhiteElo "2220"]
[BlackElo "2386"]
[TimeControl "180+1"]
[EndTime "10:30:15 PDT"]
[Termination "Uživatel HCMotorCB zvítězil po vzdání soupeře"]

1. Nf3 c6 2. c4 g6 3. Nc3 Bg7 4. b3 Nf6 5. Bb2 O-O 6. e3 d5 7. d4 Bg4 8. Be2 e6 9. O-O Nbd7 10. Nd2 Bxe2 11. Qxe2 Rc8 12. b4 dxc4 13. Nxc4 Nb6 14.
a4 Nfd5 15. Nxb6 axb6 16. Qc4 Ra8 17. Rfc1 Qe7 18. Nxd5 exd5 19. Qb3 Rfc8 20. Ba3 Qe6 21. Rab1 Bf8 22. g3 h5 23. h4 Bd6 24. b5 cxb5 25.
Bxd6 Qxd6 26. Rxc8+ Rxc8 27. Qxb5 Rc6 28. Kg2 Qe6 29.
Kg1 Kg7 30. a5 bxa5 31. Qxa5 Qe4 32. Qa2 g5 33. hxg5 h4 34. gxh4 Rc2 35. Qb3 Qg4+ 36. Kh1 Qxh4+ 0-1

[Event "Betsys MČR v online bleskovém šachu 2021"]
[Site "Chess.com"]
[Date "2021.04.17"]
[Round "9"]
[White "ReitteN"]
[Black "matej-c"]
[Result "1-0"]
[WhiteElo "1776"]
[BlackElo "1949"]
[TimeControl "180+1"]
[EndTime "10:30:16 PDT"]
[Termination "Uživatel ReitteN zvítězil po vzdání soupeře"]

1. c4 Nf6 2. Nc3 e5 3. g3 Bb4 4. Bg2 Bxc3 5. bxc3 d6 6. d3 O-O 7.
e4 Nbd7 8. Ne2 Re8 9. O-O Nc5 10. h3 h6 11. Be3 b6 12. Bxc5 dxc5 13. f4 Qe7 14.
Rb1 Bb7 15. a4 a5 16. Kh2 Rad8 17. Qc2 Rd6 18. fxe5 Qxe5 19. Rf5 Qxf5 20. exf5 Bxg2 21. Kxg2 Red8 22. Rd1 Nd7 23. Nf4 c6 24. Qe2 Kf8 25. Re1 Nf6 26. g4 Re8 27. Qf2 Red8 28. Re5 Nd7 29.
Re3 Kg8 30. Qe2 Nf6 31. Re7 b5 32. Nh5 Nxh5 33. gxh5 Rxd3 34. Re8+ Rxe8 35. Qxe8+ Kh7 36. cxb5 Rd2+ 37. Kf3 cxb5 38. Qxb5 Rc2 39. Qxa5 Rh2 40. Qxc5 Rxh3+ 41. Kg4 Rh1 42. Qd5 Rg1+ 43. Kh3 Rg5 44. Qxf7 Rg1 45. Qg6+ Rxg6 46. fxg6+ Kg8 47. a5 Kf8 48. a6 Ke7 49. a7 Kd6 50. a8=Q Kc7 51. Qe4 Kb6 52. Qe7 Kc6 53. Qxg7 1-0

[Event "Betsys MČR v online bleskovém šachu 2021"]
[Site "Chess.com"]
[Date "2021.04.17"]
[Round "9"]
[White "doktorovak"]
[Black "FaceOfLightning"]
[Result "0-1"]
[WhiteElo "1666"]
[BlackElo "1945"]
[TimeControl "180+1"]
[EndTime "10:30:17 PDT"]
[Termination "Uživatel FaceOfLightning zvítězil na čas"]

1. e4 c5 2. Nf3 e6 3. Nc3 Nc6 4. a3 a6 5. Bc4 b5 6. Ba2 Nf6 7. d3 Be7 8. Bg5 h6 9. Bh4 d6 10. O-O g5 11. Bg3 h5 12. e5 dxe5 13. Bxe5 g4 14.
Bxf6 Bxf6 15. Nd2 Qc7 16. Nde4 Be5 17. g3 Nd4 18. Nd2 Bb7 19. Nce4 f5 20. Bxe6 Nxe6 21. Qe2 Nd4 22. Qe1 fxe4 23. dxe4 O-O-O 24. c3 Nf3+ 25. Nxf3 gxf3 26. Qe3 Rdf8 27. Rad1 h4 28. Qg5 hxg3 29.
Qg4+ Kb8 30. fxg3 Rhg8 31. Qh5 Bxg3 32. Kh1 Bxe4 0-1

[Event "Betsys MČR v online bleskovém šachu 2021"]
[Site "Chess.com"]
[Date "2021.04.17"]
[Round "9"]
[White "tkokosek007"]
[Black "CzechMerlin"]
[Result "0-1"]
[WhiteElo "1383"]
[BlackElo "1663"]
[TimeControl "180+1"]
[EndTime "10:30:20 PDT"]
[Termination "Uživatel CzechMerlin zvítězil na čas"]

1. b3 e5 2. Bb2 e4 3. e3 f5 4.
d3 Nf6 5. Nd2 d5 6. dxe4 fxe4 7.
c4 c6 8. cxd5 cxd5 9. Ne2 Bb4 10. Nd4 O-O 11. Be2 Qa5 12. a3 Bxd2+ 13. Qxd2 Qxd2+ 14. Kxd2 Nc6 15. Rac1 Bd7 16. Bb5 Nxd4 17. Bxd7 Nxb3+ 18. Kc2 Nxc1 19. Be6+ Kh8 20. Rxc1 Rad8 21. Kd2 Rd6 22. Bf5 Rc6 23. Bc3 g6 24. Bh3 Kg7 25.
Rb1 b6 26. a4 Kf7 27. a5 g5 28. g3 g4 29. Bf1 Nd7 30. Bb5 Rc7 31. axb6 Nxb6 32. Ba5 Ke6 33. Ba6 Rxf2+ 34. Ke1 Rxh2 35. Bxb6 axb6 36. Rxb6+ Ke5 37. Be2 Rc2 0-1

[Event "Betsys MČR v online bleskovém šachu 2021"]
[Site "Chess.com"]
[Date "2021.04.17"]
[Round "9"]
[White "phil3"]
[Black "BetsysBetting"]
[Result "0-1"]
[WhiteElo "2120"]
[BlackElo "2028"]
[TimeControl "180+1"]
[EndTime "10:30:22 PDT"]
[Termination "Uživatel BetsysBetting zvítězil na čas"]

1. e4 d6 2. d4 Nf6 3. Nc3 c6 4. f4 Qa5 5. Bd3 e5 6. Nf3 Bg4 7. Be3 Qb6 8. fxe5 dxe5 9. Qd2 Bxf3 10. dxe5 Bc5 11. Bxc5 Qxc5 12. exf6 Bh5 13. fxg7 Rg8 14. Qh6 Nd7 15. Rf1 O-O-O 16. Rf5 Qb4 17. Qd2 Bg6 18. a3 Qxb2 19. Rb1 Qxa3 20. Rg5 Nc5 21. Kf1 Bxe4 22. Rh5 Nxd3 23. cxd3 Bxd3+ 0-1

[Event "Betsys MČR v online bleskovém šachu 2021"]
[Site "Chess.com"]
[Date "2021.04.17"]
[Round "9"]
[White "DavidZidlicky"]
[Black "Honza_13"]
[Result "0-1"]
[WhiteElo "1725"]
[BlackElo "1942"]
[TimeControl "180+1"]
[EndTime "10:30:22 PDT"]
[Termination "Uživatel Honza_13 zvítězil matem"]

1. e4 c5 2. Nf3 Nc6 3. Nc3 g6 4. d4 cxd4 5. Nxd4 Bg7 6. Be3 Nf6 7. Nxc6 bxc6 8. Bc4 O-O 9. O-O Rb8 10. Rb1 Rb4 11. Bb3 Ba6 12. Re1 Nxe4 13. Nxe4 Rxe4 14. f3 Rxe3 15. Rxe3 Qb6 16. Qd2 Bh6 17. Re1 d5 18. c3 Rd8 19. Kh1 Bxe3 20. Rxe3 d4 21. Rxe7 dxc3 22.
Qc2 Qc5 23. Rxf7 Bc4 24. Bxc4 Qxc4 25. Rf6 Qf1# 0-1

[Event "Betsys MČR v online bleskovém šachu 2021"]
[Site "Chess.com"]
[Date "2021.04.17"]
[Round "9"]
[White "Varinius"]
[Black "petrgnojek"]
[Result "0-1"]
[WhiteElo "2412"]
[BlackElo "2271"]
[TimeControl "180+1"]
[EndTime "10:30:23 PDT"]
[Termination "Uživatel petrgnojek zvítězil po vzdání soupeře"]

1. d4 Nf6 2. Nf3 d6 3. g3 g6 4. Bg2 Bg7 5. O-O O-O 6. b3 c5 7.
Bb2 Ne4 8. e3 Nc6 9. Nbd2 d5 10.
Qe2 Bg4 11. h3 Nxd2 12. Qxd2 Bxf3 13. Bxf3 cxd4 14. exd4 e6 15. Rad1 Rc8 16. Kg2 Qb6 17.
a3 Na5 18. Qe2 Rc7 19. Rd2 Rfc8 20. h4 Rc6 21. h5 Qc7 22. hxg6 hxg6 23. Qd3 Rxc2 24.
Rfd1 Rxd2 25. Rxd2 Qb6 26. b4 Nc4 27. Rc2 Rc6 28. Bc3 Nxa3 29. Ra2 Nb5 30. Be1 Nxd4 31. b5 Qxb5 32. Qxb5 Nxb5 33. Be2 a6 34. Ra5 Nd4 35. Bd3 Rc1 36. Bd2 Rd1 37. Ra2 Nb3 38. Bc2 Rxd2 39. Bxb3 Rxa2 40. Bxa2 Kf8 41. Kf3 Ke7 42. Ke2 Kd6 43.
Kd3 Kc5 44. Bb3 b5 45. f4 a5 46. g4 a4 47. Bc2 Kb4 48. Kd2 a3 49. Kc1 a2 0-1